 Dungeon Crawl Stone Soup version 0.31-a0-229-g1fc7ce93e2 (webtiles) character file.

Game seed: 5452774267514812929

163 Zonian the Grave Robber (level 5, 0/28 HPs)
             Began as a Deep Elf Necromancer on July 7, 2023.
             Slain by a gnoll
             ... wielding a +0 halberd
              (10 damage)
             ... on level 4 of the Dungeon.
             The game lasted 00:07:05 (3812 turns).

Zonian the Grave Robber (Deep Elf Necromancer)      Turns: 3812, Time: 00:07:05

Health: 0/28       AC:  2    Str:  5    XL:     5   Next: 20%
Magic:  13/13      EV: 13    Int: 20    God:
Gold:   311        SH:  0    Dex: 17    Spells: 8/12 levels left

rFire   . . .        g - +0 sling
rCold   . . .        (no shield)
rNeg    . . .        a - +0 robe
rPois   .            (no helmet)
rElec   .            (no cloak)
rCorr   +            (no gloves)
SInv    .            (no boots)
Will    .....        (no amulet)
Stlth   +++          m - ring of resist corrosion
HPRegen 0.24/turn    s - ring of wizardry
MPRegen 0.13/turn

%: wizardry (x1)
@: no status effects
A: no striking features
a: no special abilities


You were on level 4 of the Dungeon.
You visited 1 branch of the dungeon, and saw 4 of its levels.

You collected 311 gold pieces.

Inventory:

Hand Weapons
 f - a +0 dagger
 g - a +0 sling (weapon)
 k - the +7 dagger "Ziarekis" {protect, Str+2 Int+4 Dex-3}
   (You found it on level 2 of the Dungeon)

   Str:       It affects your strength (+2).
   Int:       It affects your intelligence (+4).
   Dex:       It affects your dexterity (-3).
Missiles
 d - 2 throwing nets
 h - 6 poisoned darts
Armour
 a - a +0 robe (worn)
Jewellery
 j - a ring of protection from cold
 m - a ring of resist corrosion (left hand)
 s - a ring of wizardry (right hand)
 t - a ring of protection from fire
 u - a ring of wizardry
Wands
 l - a wand of charming (6)
 v - a wand of mindburst (8)
Scrolls
 c - 2 scrolls of poison
 o - a scroll of enchant weapon {unknown}
 p - a scroll of teleportation {unknown}
 r - a scroll of fog {unknown}
Potions
 b - a potion of magic
 i - 2 potions of lignification
 n - a potion of enlightenment
 q - a potion of brilliance {unknown}


   Skills:
 + Level 3.8 Dodging
 + Level 4.1 Stealth
 + Level 4.4 Spellcasting
 + Level 5.7 Necromancy


You had 8 spell levels left.
You knew the following spells:

 Your Spells              Type           Power      Damage    Failure   Level
a - Necrotise             Necr           100%       1d9       1%          1
b - Vampiric Draining     Necr           27%        2d7       1%          3

Your spell library contained the following spells:

 Spells                   Type           Power      Damage    Failure   Level
 Animate Dead             Necr           27%        N/A       4%          4
 Static Discharge         Conj/Air       8%         2-3/arc   8%          2
 Agony                    Necr           27%        N/A       13%         5
 Airstrike                Air            2%         2d(1-17)  43%         4
 Summon Lightning Spire   Summ/Air       4%         N/A       43%         4


Dungeon Overview and Level Annotations

Branches:
Dungeon (4/15)
 Temple: D:4-7

Altars:
Cheibriados


Message History

Press: ? - help, Shift-Dir - straight line, f/p - iguana
Aim: an iguana (moderately wounded, chance to affect: 88%)
The iguana barely resists.
The iguana bites you!
* * * LOW HITPOINT WARNING * * *
The gnoll barely misses you.
Unknown command.
Okay, then.
You feel better. The iguana bites you.
* * * LOW HITPOINT WARNING * * *
The gnoll hits you from afar with a +0 spear.
* * * LOW HITPOINT WARNING * * *
The gnoll closely misses you.
Unknown command.
Aiming: Charm
Press: ? - help, Shift-Dir - straight line, f/p - iguana
Aim: an iguana (moderately wounded, chance to affect: 57%)
The iguana is charmed.
The gnoll closely misses you. The gnoll barely misses you.
What are your orders? t - Shout!
Orders for allies: a - Attack new target. p - Attack previous target. r - Retreat! s - Stop attacking. g - Guard the area. f - Follow me.
Anything else - Cancel.
Gang up on whom?
Press: ? - help, Dir - move target, f - gnoll, p - iguana
Aim: a gnoll, wielding a +0 spear Attack!
Your iguana closely misses the gnoll.
The gnoll closely misses you.
Unknown command.
Unknown command.
Your iguana bites the gnoll!
The gnoll dies!
Your iguana bites the gnoll.
The gnoll hits your iguana with a +0 halberd.
You feel a bit more experienced.
A hobgoblin comes into view.
A gnoll comes into view. It is wielding a +0 halberd.
The gnoll shouts!
The gnoll hits you with a +0 halberd!
You die...

.>..## ##.#..
...... ....
...# ##
#.###..# .
#.....g#.#
########g.#.#
.......@....#
########..###.#
########......#
.........######
#######..#
#....)..#
#.#####.# #.#
#.# ##.# #.#
##.#


You could see 2 gnolls.

Vanquished Creatures
  5 adders
  3 gnolls (D:2)
  A worm (D:4)
  2 dart slugs (D:3)
  6 ball pythons
  2 bats
  5 endoplasms
  A giant cockroach (D:4)
  5 goblins
  4 hobgoblins
  10 jackals (D:1)
  6 quokkas
  5 kobolds
  2 rats (D:2)
57 creatures vanquished.

Vanquished Creatures (collateral kills)
  A gnoll (D:4)
1 creature vanquished.

Vanquished Creatures (others)
  An iguana (D:4)
1 creature vanquished.

Grand Total: 59 creatures vanquished

Notes
Turn   | Place    | Note
-------+----------+-------------------------------------------
     0 | D:1      | Zonian the Deep Elf Necromancer began the quest for the
                  | Orb.
     0 | D:1      | Reached XP level 1. HP: 10/10 MP: 6/6
   398 | D:1      | Reached skill level 5 in Necromancy
   398 | D:1      | Reached XP level 2. HP: 6/15 MP: 2/8
  1129 | D:2      | Identified the +7 dagger "Ziarekis" {protect, Str+2 Int+4
                  | Dex-3}
  1437 | D:2      | Reached XP level 3. HP: 19/19 MP: 8/10
  2200 | D:2      | Reached XP level 4. HP: 24/24 MP: 7/11
  2963 | D:3      | Learned a level 3 spell: Vampiric Draining
  3016 | D:3      | Found a snail-covered altar of Cheibriados.
  3606 | D:4      | Reached XP level 5. HP: 28/28 MP: 11/13
  3812 | D:4      | Slain by a gnoll

Illustrated notes

Levels and vault maps discovered:
D:1:      dpeg_arrival_round_a, layout_basic
D:2:      layout_basic, minmay_fountain_box, roderic_serpentine_path
D:3:      layout_loops_ring, mainiacjoe_overflow_chevrons
D:4:      layout_basic, uniq_blork_the_orc, uniq_eustachio

Skill      XL: |  1  2  3  4 |
---------------+-------------+-----
Necromancy     | 5 |  5.7
Dodging        | 3 |  3.8
Stealth        | 3 4 |  4.1
Spellcasting   | 4 |  4.4

Action                     |  1- 3 |  4- 6 || total
---------------------------+-------+-------++-------
  Melee: Dagger            |    10 |       ||    10
   Fire: Sling             |    15 |    65 ||    80
   Cast: Necrotise         |    45 |    16 ||    61
  Evoke: Wand              |       |     2 ||     2
    Use: Scroll            |       |     6 ||     6
         Potion            |       |     1 ||     1
 Armour: Robe              |     6 |     5 ||    11
  Dodge: Dodged            |    28 |    37 ||    65

Table legend: (Time is in decaauts)
 A = Elapsed time spent in this place.
 B = Non-inter-level travel time spent in this place.
 C = Inter-level travel time spent in this place.
 D = Time resting spent in this place.
 E = Time spent auto-exploring this place.
 F = Levels seen in this place.
 G = Mean time per level.
                   A        B        C        D        E       F      G
               +--------+--------+--------+--------+--------+-----+--------+
         Total |   3881 |   3801 |     80 |   1015 |   2063 |   4 |  970.2 |
       Dungeon |   3881 |   3801 |     80 |   1015 |   2063 |   4 |  970.2 |
               +--------+--------+--------+--------+--------+-----+--------+

Top non-repeatable levels by time:
     D:2: 1861 daAuts
     D:1: 1035 daAuts
     D:3: 725 daAuts
     D:4: 260 daAuts
